 Dungeon Crawl Stone Soup version 0.28.0-43-g3370ac3207 (webtiles) character file.

Game seed: 350024603870393156

1696 Acheron the Ruffian (level 8, -6/74 HPs)
             Began as a Troll Fire Elementalist on Mar 12, 2022.
             Was a Believer of Nemelex Xobeh.
             Mangled by an orc warrior
             ... wielding a +0 short sword
              (12 damage)
             ... on level 8 of the Dungeon.
             The game lasted 00:36:37 (5240 turns).

Acheron the Ruffian (Troll Fire Elementalist)       Turns: 5240, Time: 00:36:37

Health: -6/74      AC:  4    Str: 17    XL:     8   Next: 72%
Magic:  10/10      EV: 10    Int: 13    God:    Nemelex Xobeh [**....]
Gold:   190        SH:  0    Dex: 12    Spells: 5/11 levels left

rFire   . . .      SeeInvis .   q - +12 morningstar of Red Wine {flame, rN+++ Will- Int+2}
rCold   . . .      Faith    .   (no shield)
rNeg    + + +      Spirit   .   a - +0 robe
rPois   +          Reflect  .   (helmet restricted)
rElec   .          Harm     .   (no cloak)
rCorr   .          Rampage  .   (gloves unavailable)
Will    .....                   (boots unavailable)
Stlth   ++........              w - amulet of the acrobat
HPRegen 1.02/turn               B - ring of poison resistance
MPRegen 0.12/turn               (no ring)

@: no status effects
A: large, unfitting armour, claws 3, regeneration 1, shaggy fur 1, tough skin 1
a: Renounce Religion, Draw Escape, Draw Destruction, Draw Summoning


You were on level 8 of the Dungeon.
You worshipped Nemelex Xobeh.
Nemelex Xobeh was pleased with you.
You visited 2 branches of the dungeon, and saw 9 of its levels.

You collected 274 gold pieces.
You spent 84 gold pieces at shops.

Inventory:

Hand Weapons
 q - the +12 morningstar of Red Wine (weapon) {flame, rN+++ Will- Int+2}
   (You found it on level 8 of the Dungeon)

   It burns those it strikes, dealing additional fire damage.
   Int:       It affects your intelligence (+2).
   rN:        It renders you almost immune to negative energy.
   Will:      It decreases your willpower.
 t - a +0 war axe of electrocution
 z - a +1 spectral giant spiked club
Missiles
 c - 4 javelins
 d - 5 curare-tipped darts (quivered)
 k - 8 poisoned darts
 l - 3 large rocks
Armour
 a - a +0 robe (worn)
 n - a +0 kite shield
 A - an orb of energy
Magical Staves
 o - a staff of cold
Jewellery
 h - a ring of fire
 p - the amulet of Tira Juu {RegenMP rC- Will+ Dex+3}
   (You acquired it on level 3 of the Dungeon)

   [amulet of magic regeneration]

   It increases your rate of magic regeneration.
   Dex:       It affects your dexterity (+3).
   rC:        It makes you vulnerable to cold.
   Will:      It increases your willpower.
 u - an amulet of magic regeneration
 w - an amulet of the acrobat (around neck)
 y - an amulet of regeneration
 B - a ring of poison resistance (left claw)
Wands
 D - a wand of paralysis (9)
Scrolls
 e - 3 scrolls of teleportation
 s - 2 scrolls of summoning
 C - 3 scrolls of immolation
 E - a scroll of holy word {unknown}
Potions
 b - 5 potions of heal wounds
 f - 2 potions of curing
 g - 2 potions of might
 i - 2 potions of invisibility
 j - 2 potions of brilliance
 m - a potion of lignification
 r - 2 potions of resistance {unknown}
 v - 4 potions of mutation
 x - 2 potions of degeneration
 F - a potion of haste {unknown}


   Skills:
 * Level 2.6 Fighting
 * Level 1.1 Maces & Flails
 * Level 2.7 Throwing
 * Level 3.5 Dodging
 * Level 2.3 Stealth
 * Level 1.8 Shields
 + Level 5.4 Unarmed Combat
 + Level 2.0 Spellcasting
 + Level 1.3 Conjurations
 + Level 3.1 Fire Magic
 * Level 1.5 Invocations
 * Level 1.8 Evocations


You had 5 spell levels left.
You knew the following spells:

 Your Spells              Type           Power      Damage    Failure   Level
a - Foxfire               Conj/Fire      28%        2x1d5     10%         1
b - Scorch                Fire           18%        2d6       11%         2
c - Conjure Flame         Conj/Fire      7%         6-21      30%         3

Your spell library contained the following spells:

 Spells                   Type           Power      Damage    Failure   Level
 Inner Flame              Hex/Fire       5%         N/A       36%         3
 Confusing Touch          Hex            1%         N/A       58%         3
 Portal Projectile        Hex/Tloc       2%         N/A       58%         3
 Flame Wave               Conj/Fire      7%         2d5       69%         4
 Blade Hands              Tmut           0%         N/A       100%        5
 Excruciating Wounds      Necr           0%         N/A       100%        5
 Yara's Violent Unravell  Hex/Tmut       0%         3d3       100%        5
 Enfeeble                 Hex            0%         N/A       100%        7


Dungeon Overview and Level Annotations

Branches:
Dungeon (8/15)             Temple (1/1) D:4
   Lair: D:8-11

Altars:
Ashenzari
Cheibriados
Dithmenos
Elyvilon
Fedhas
Gozag
Kikubaaqudgha
Nemelex Xobeh
Okawaru
Qazlal
Sif Muna
Trog
Vehumet
Wu Jian
Xom

Shops:
D:4 :   D:6 !   D:7 (

Annotations:
D:3 1 runed translucent door, Crazy Yiuf, Sigmund
D:4 2 runed translucent doors
D:7 Harold, Joseph


Innate Abilities, Weirdness & Mutations

You are too large for most types of armour.
You have claws for hands.
Your natural rate of healing is unusually fast.
You are covered in fur. (AC +1)
You have tough skin. (AC +1)


Message History

You closely miss the orc. The orc barely misses you. The orc misses you.
You barely miss the orc. The orc hits you with a +0 falchion.
You bludgeon the orc!! You burn the orc.
You kill the orc!
There is an open door here.
Things that are here:
a +0 falchion; an orc corpse An orc warrior and an orc priest come into view.
The orc warrior shouts!
The orc priest miscasts a cantrip.
You hit the orc. You burn the orc.
You kill the orc!
You see here a +0 hand axe.
You barely miss the orc priest. Your claw misses the orc priest.
The orc warrior hits you with a +0 short sword.
The orc priest calls down the wrath of Beogh upon you.
Beogh smites you!
You puncture the orc priest! You burn the orc priest.
The orc priest is almost dead.
The orc warrior hits you with a +0 short sword.
The orc priest closely misses you. The orc warrior misses you.
The orc priest barely misses you.
You bludgeon the orc priest!! You burn the orc priest.
You kill the orc priest!
The orc warrior hits you with a +0 short sword!
* * * LOW HITPOINT WARNING * * *
The orc warrior closely misses you.
There is an open door here.
Things that are here:
a +0 falchion; an orc corpse You hit the orc warrior.
You burn the orc warrior.
The orc warrior is moderately wounded.
The orc warrior hits you with a +0 short sword!
* * * LOW HITPOINT WARNING * * *
The orc warrior hits you with a +0 short sword!
* * * LOW HITPOINT WARNING * * *
You draw a card...
You have drawn the Tomb.
Walls emerge from the floor!
The orc warrior hits you with a +0 short sword!
You die...
Your body disappears without a glow.

########## ##########
####........# #........#
#...........# #........#
#....).)....#
#######........###...........#
...............#@o.......>...#
....###........###...........#
≈≈≈...#.........##...........#
○≈≈...#.........#####........#
§.☼...#########.################
§§≈....#.#.#.#.#.#.#.#.#.#.#.#.#
≈≈≈.....#.#.#.#.#.#.#.#)#.#.#.#
§...##.#.#.#.#.#.#.#.#.#.#.#.#
...## #.#.#.#.#.#.#.#.#.#.#.#


You could see an orc warrior.

Vanquished Creatures
  A wyvern (D:7)
  A water moccasin (D:7)
  An ice beast (D:8)
  A sky beast (D:6)
  A necrophage (D:8)
  2 ogres (D:5)
  A centaur (D:8)
  2 scorpions
  2 bullfrogs
  A howler monkey (D:7)
  6 orc priests
  A hound (D:4)
  An iguana (D:7)
  Terence (D:3)
  3 orc wizards
  Natasha (thrice) (D:2)
  A killer bee zombie (D:7)
  A howler monkey zombie (D:6)
  3 adders
  A worm (D:4)
  3 dart slugs (D:2)
  13 orcs
  5 ball pythons
  6 endoplasms
  A giant cockroach (D:2)
  7 goblins
  11 hobgoblins
  5 jackals
  8 quokkas
  3 bats
  2 frilled lizards
  3 kobolds (D:3)
  6 rats
107 creatures vanquished.

Vanquished Creatures (collateral kills)
  An ogre (D:8)
  An orc (D:8)
2 creatures vanquished.

Vanquished Creatures (others)
  21 foxfires
21 creatures vanquished.

Grand Total: 130 creatures vanquished

Notes
Turn   | Place    | Note
-------+----------+-------------------------------------------
     0 | D:1      | Acheron the Troll Fire Elementalist began the quest for the
                  | Orb.
     0 | D:1      | Reached XP level 1. HP: 16/16 MP: 1/1
    39 | D:1      | Reached XP level 2. HP: 22/26 MP: 2/2
   358 | D:1      | Learned a level 2 spell: Scorch
   395 | D:1      | You fall into a shaft and drop 1 floor!
   433 | D:2      | Reached XP level 3. HP: 32/32 MP: 1/3
   668 | D:2      | Noticed Natasha
   674 | D:2      | Killed Natasha
   675 | D:2      | Reached skill level 1 in Fighting
   708 | D:3      | Identified a scroll of acquirement
   708 | D:3      | Acquired the amulet of Tira Juu {RegenMP rC- Will+ Dex+3}
   725 | D:3      | Noticed Sigmund
   746 | D:3      | Found a faded altar of an unknown god.
   782 | D:2      | Reached skill level 1 in Unarmed Combat
   848 | D:2      | Found a blossoming altar of Fedhas.
   938 | D:2      | Reached XP level 4. HP: 41/41 MP: 5/5
  1002 | D:2      | Noticed Natasha
  1008 | D:2      | Killed Natasha
  1272 | D:2      | Noticed Natasha
  1292 | D:2      | Reached skill level 1 in Throwing
  1294 | D:2      | Killed Natasha
  1300 | D:2      | Reached XP level 5. HP: 42/48 MP: 6/6
  1603 | D:3      | Found an opulent altar of Gozag.
  1801 | D:3      | Found a runed translucent door.
  1802 | D:3      | Noticed Crazy Yiuf
  1943 | D:3      | Noticed Terence
  1969 | D:3      | Killed Terence
  1970 | D:3      | Reached skill level 2 in Unarmed Combat
  2215 | D:4      | Noticed a black bear
  2265 | D:4      | Found a staircase to the Ecumenical Temple.
  2271 | Temple   | Entered the Ecumenical Temple
  2508 | Temple   | Learned a level 3 spell: Conjure Flame
  2515 | Temple   | Became a worshipper of Nemelex Xobeh the Trickster
  2630 | D:4      | Found Dirempuk's Book Shop.
  2666 | D:4      | Found a large runed translucent door.
  2667 | D:4      | Found a large runed translucent door.
  2718 | D:5      | Entered Level 5 of the Dungeon
  2946 | D:4      | Reached XP level 6. HP: 49/55 MP: 7/7
  3108 | D:4      | Reached skill level 1 in Conjurations
  3343 | D:5      | Reached * piety under Nemelex Xobeh
  3375 | D:5      | Found a bloodstained altar of Trog.
  3391 | D:5      | Reached skill level 3 in Unarmed Combat
  3680 | D:5      | Reached XP level 7. HP: 40/63 MP: 8/8
  3958 | D:5      | Received a gift from Nemelex Xobeh
  3988 | D:6      | Reached skill level 1 in Evocations
  4025 | D:6      | Reached skill level 4 in Unarmed Combat
  4051 | D:6      | Reached skill level 1 in Shields
  4092 | D:6      | Found an ornate altar of the Wu Jian Council.
  4233 | D:6      | Found Keefy's Distillery.
  4236 | D:6      | Bought a potion of heal wounds for 70 gold pieces
  4236 | D:6      | Bought a potion of degeneration for 14 gold pieces
  4479 | D:7      | Found Xaefaop's Weapon Emporium.
  4521 | D:7      | Reached ** piety under Nemelex Xobeh
  4568 | D:7      | Noticed Harold
  4616 | D:7      | Reached XP level 8. HP: 68/72 MP: 10/10
  4657 | D:7      | HP: 2/72 [wyvern (11)]
  4773 | D:7      | Acquired a +1 spectral giant spiked club
  4861 | D:7      | Reached skill level 5 in Unarmed Combat
  4880 | D:7      | Noticed Joseph
  4893 | D:8      | Found a shimmering blue altar of Sif Muna.
  4899 | D:8      | Reached skill level 1 in Invocations
  4905 | D:8      | Identified the +12 morningstar of Red Wine {flame, rN+++
                  | Will- Int+2}
  5067 | D:8      | Found a stormy altar of Qazlal.
  5218 | D:8      | Reached skill level 1 in Maces & Flails
  5240 | D:8      | Mangled by an orc warrior

Illustrated notes

Levels and vault maps discovered:
D:1:      mrwooster_arrival_statue_2, layout_basic
D:2:      minmay_razor_zed, layout_basic, basic_altar, uniq_natasha
D:3:      layout_basic, grunt_gozag_statues, shapermc_ecumenical_altar_pompeii,
          uniq_terence, uniq_crazy_yiuf_cottage, uniq_sigmund
D:4:      layout_basic, jmf_multi_god_temple2, minmay_temple_entry_ruins,
          kennysheep_windowed_goal
D:5:      layout_loops_ring, trog_three_pillars_becter
D:6:      layout_basic, mainiacjoe_overflow_paths, serial_shops, shop,
          nicolae_stop_n_shop_2, chequers_serial_rivers_micro_b,
          minmay_misc_feat_encased, minmay_statues_item
D:7:      layout_rooms, lightli_temple_of_fire, serial_shops,
          nicolae_shop_hallway_plus, nicolae_concentric_dashed_squares_wild,
          uniq_joseph, uniq_harold
D:8:      layout_basic, nicolae_sif_muna_condensation,
          mainiacjoe_overflow_alcove_1
Temple:   jpeg_temple_alley_garden

Skill      XL: |  1  2  3  4  5  6  7  8 |
---------------+-------------------------+-----
Fighting       | 1 2 |  2.6
Unarmed Combat | 1 2 3 4 5 |  5.4
Dodging        | 2 3 |  3.5
Throwing       | 1 2 |  2.7
Conjurations   | 1 |  1.3
Fire Magic     | 3 |  3.1
Evocations     | 1 |  1.8
Shields        | 1 |  1.8
Spellcasting   | 2 |  2.0
Stealth        | 2 |  2.3
Invocations    | 1 |  1.5
Maces & Flails | 1 |  1.1

Action                   |  1- 3 |  4- 6 |  7- 9 || total
-------------------------+-------+-------+-------++-------
Melee: Unarmed           |    75 |   185 |   102 ||   362
       Punch             |     2 |     3 |     1 ||     6
       Morningstar       |       |       |    22 ||    22
Throw: Large rock        |       |     3 |     3 ||     6
       Dart              |       |       |     1 ||     1
 Cast: Foxfire           |    12 |     1 |       ||    13
       Conjure Flame     |       |       |     1 ||     1
Invok: Draw Escape       |       |       |     1 ||     1
       Draw Summoning    |       |       |     1 ||     1
  Use: Scroll            |     4 |     9 |     3 ||    16
 Stab: Sleeping          |     1 |     5 |     2 ||     8
Armor: Robe              |    21 |    45 |    24 ||    90
Dodge: Dodged            |    47 |    89 |    48 ||   184
Block: Kite shield       |       |     4 |    27 ||    31
